TOP OF THE 1ST |
Colorado Rockies batting - Pitching for San Diego Padres : LHP Matt Wheeler
|
Pitching: LHP Matt Wheeler
|
|
Batting: RHB Joel Haycock
|
0-0: Called Strike 0-1: Ball 1-1: SINGLE (Line Drive, 6M, EV 103.8 MPH)
|
Batting: RHB Roberto Rodriguez
|
0-0: Swinging Strike 0-1: Called Strike 0-2: Foul Ball, location: 2F 0-2: Foul Ball, location: 2F 0-2: Ball 1-2: Ball 2-2: Strikes out swinging
|
Batting: SHB Chris Blue
|
Pickoff Throw to First - Out! 1-3 0-0: Ball 1-0: Called Strike 1-1: Foul Ball, location: 2F 1-2: Foul Ball, location: 2F 1-2: Fly out, F7 (Flyball, 7S, EV 87.5 MPH)
|
Top of the 1st over - 0 runs, 1 hit, 0 errors, 0 left on base; Colorado 0 - San Diego 0 |
BOTTOM OF THE 1ST |
San Diego Padres batting - Pitching for Colorado Rockies : LHP Marquise Barretti
|
Pitching: LHP Marquise Barretti
|
|
Batting: LHB Per Meulengracht
|
0-0: Ball 1-0: Ball 2-0: Ball 3-0: Called Strike 3-1: Base on Balls
|
Batting: RHB Bobby Ayala
|
0-0: Called Strike 0-1: Ball 1-1: Foul Ball, location: 2F 1-2: Fly out, F6 (Popup, 6M, EV 61.3 MPH)
|
Batting: RHB Cesar Breceda
|
0-0: Called Strike 0-1: Foul Ball, location: 2F 0-2: Ball 1-2: Foul Ball, location: 2F 1-2: Ball 2-2: Strikes out swinging
|
Batting: SHB Jerry Luckwell
|
0-0: Called Strike 0-1: Called Strike 0-2: Ball 1-2: Fly out, F9 (Line Drive, 9, EV 99.4 MPH)
|
Bottom of the 1st over - 0 runs, 0 hits, 0 errors, 1 left on base; Colorado 0 - San Diego 0 |
TOP OF THE 2ND |
Colorado Rockies batting - Pitching for San Diego Padres : LHP Matt Wheeler
|
Batting: RHB Jason Andrews
|
0-0: Foul Ball, location: 2F 0-1: SINGLE (Groundball, 56D, EV 106.9 MPH)
|
Batting: RHB Chad Thompson
|
0-0: Called Strike 0-1: Ball 1-1: Called Strike 1-2: Fielders Choice at 2nd, 6-4 (Groundball, 56, EV 107.5 MPH)
|
Batting: RHB Leo Mair
|
0-0: Ball 1-0: Ball 2-0: Fly out, F4 (Flyball, 34D, EV 88.8 MPH)
|
Batting: LHB Fabiano Perrolas
|
0-0: Ground out 4-3 (Groundball, 4S, EV 68.8 MPH)
|
Top of the 2nd over - 0 runs, 1 hit, 0 errors, 1 left on base; Colorado 0 - San Diego 0 |
BOTTOM OF THE 2ND |
San Diego Padres batting - Pitching for Colorado Rockies : LHP Marquise Barretti
|
Batting: LHB Mike Holt
|
0-0: Swinging Strike 0-1: Called Strike 0-2: Strikes out looking
|
Batting: RHB Chiel Palstermans
|
0-0: Ball 1-0: Swinging Strike 1-1: Foul Ball, location: 2F 1-2: Ball 2-2: Ball 3-2: Base on Balls
|
Batting: RHB Alberto Cotto
|
0-0: Ball 1-0: Ball 2-0: Fly out, F7 (Flyball, 7LS, EV 94.4 MPH)
|
Batting: RHB Carlos Reyes
|
0-0: Ball 1-0: Called Strike 1-1: Ball 2-1: Foul Ball, location: 2F 2-2: Foul Ball, location: 2F 2-2: Strikes out looking
|
Bottom of the 2nd over - 0 runs, 0 hits, 0 errors, 1 left on base; Colorado 0 - San Diego 0 |
TOP OF THE 3RD |
Colorado Rockies batting - Pitching for San Diego Padres : LHP Matt Wheeler
|
Batting: RHB Stephen Charbonneau
|
0-0: Ball 1-0: Ground out 6-3 (Groundball, 6, EV 103.8 MPH)
|
Batting: LHB Robert Watson
|
0-0: Foul Ball, location: 2F 0-1: Ball 1-1: SINGLE (Line Drive, 9S, EV 96.3 MPH)
|
Batting: RHB Joel Haycock
|
0-0: Hit by Pitch Robert Watson to second
|
Batting: RHB Roberto Rodriguez
|
0-0: Called Strike 0-1: Grounds into double play, 5-4-3 (Groundball, 56, EV 78.8 MPH)
|
Top of the 3rd over - 0 runs, 1 hit, 0 errors, 1 left on base; Colorado 0 - San Diego 0 |
BOTTOM OF THE 3RD |
San Diego Padres batting - Pitching for Colorado Rockies : LHP Marquise Barretti
|
Batting: RHB Alois Wollf
|
0-0: Ball 1-0: Ball 2-0: Called Strike 2-1: Foul Ball, location: 2F 2-2: Ball 3-2: Foul Ball, location: 2F 3-2: Strikes out looking
|
Batting: LHB Per Meulengracht
|
0-0: Ball 1-0: Foul Ball, location: 2F 1-1: Hit by Pitch
|
Batting: RHB Bobby Ayala
|
0-0: Ball 1-0: Foul Ball, location: 2F 1-1: Ball 2-1: 2-RUN HOME RUN (Flyball, 78XD, EV 105.0 MPH), Distance : 395 ft
|
Batting: RHB Cesar Breceda
|
0-0: Called Strike 0-1: Ball 1-1: Called Strike 1-2: Ball 2-2: Ball 3-2: Fly out, F6 (Line Drive, 6, EV 66.3 MPH)
|
Batting: SHB Jerry Luckwell
|
0-0: Fly out, F7 (Flyball, 78D, EV 100.0 MPH)
|
Bottom of the 3rd over - 2 runs, 1 hit, 0 errors, 0 left on base; Colorado 0 - San Diego 2 |
TOP OF THE 4TH |
Colorado Rockies batting - Pitching for San Diego Padres : LHP Matt Wheeler
|
Batting: SHB Chris Blue
|
0-0: Ball 1-0: Foul Ball, location: 2F 1-1: Foul Ball, location: 2F 1-2: Strikes out swinging
|
Batting: RHB Jason Andrews
|
0-0: Ball 1-0: Foul Ball, location: 2F 1-1: Ball 2-1: Called Strike 2-2: Foul Ball, location: 2F 2-2: Strikes out looking
|
Batting: RHB Chad Thompson
|
0-0: Ball 1-0: Called Strike 1-1: Ball 2-1: Foul Ball, location: 2F 2-2: Ball 3-2: Ground out 6-3 (Groundball, 6S, EV 64.4 MPH)
|
Top of the 4th over - 0 runs, 0 hits, 0 errors, 0 left on base; Colorado 0 - San Diego 2 |
BOTTOM OF THE 4TH |
San Diego Padres batting - Pitching for Colorado Rockies : LHP Marquise Barretti
|
Batting: LHB Mike Holt
|
0-0: TRIPLE (Flyball, 78XD, EV 110.0 MPH)
|
Batting: RHB Chiel Palstermans
|
0-0: Swinging Strike 0-1: Foul Ball, location: 2F 0-2: Foul Ball, location: 2F 0-2: Hit by Pitch
|
Batting: RHB Alberto Cotto
|
0-0: Ball 1-0: Called Strike 1-1: Ball 2-1: Ball 3-1: Foul Ball, location: 2F 3-2: Foul Ball, location: 2F 3-2: Fly out, F7 (Flyball, 7LM, EV 89.4 MPH)
|
Batting: RHB Carlos Reyes
|
0-0: Ball 1-0: Swinging Strike 1-1: Foul Ball, location: 2F 1-2: Ball 2-2: Foul Ball, location: 2F 2-2: Foul Ball, location: 2F 2-2: Foul Ball, location: 2F 2-2: Ball 3-2: Base on Balls Chiel Palstermans to second
|
Batting: RHB Alois Wollf
|
0-0: Ball 1-0: Called Strike 1-1: SINGLE (Flyball, 3D, EV 91.9 MPH) Mike Holt scores Chiel Palstermans to third Carlos Reyes to second
|
Batting: LHB Per Meulengracht
|
0-0: Called Strike 0-1: Grounds into double play, 4-6-3 (Groundball, 4M, EV 86.3 MPH)
|
Bottom of the 4th over - 1 run, 2 hits, 0 errors, 2 left on base; Colorado 0 - San Diego 3 |
TOP OF THE 5TH |
Colorado Rockies batting - Pitching for San Diego Padres : LHP Matt Wheeler
|
Batting: RHB Leo Mair
|
0-0: Ball 1-0: Called Strike 1-1: Ball 2-1: Ground out 4-3 (Groundball, 4, EV 103.1 MPH)
|
Batting: LHB Fabiano Perrolas
|
0-0: Foul Ball, location: 2F 0-1: Swinging Strike 0-2: Ball 1-2: Foul Ball, location: 2F 1-2: Strikes out swinging
|
Batting: RHB Stephen Charbonneau
|
0-0: Ball 1-0: Ball 2-0: Foul Ball, location: 2F 2-1: Foul Ball, location: 2F 2-2: Foul Ball, location: 2F 2-2: Ball 3-2: Foul Ball, location: 2F 3-2: Foul Ball, location: 2F 3-2: Foul Ball, location: 2F 3-2: Strikes out swinging
|
Top of the 5th over - 0 runs, 0 hits, 0 errors, 0 left on base; Colorado 0 - San Diego 3 |
BOTTOM OF THE 5TH |
San Diego Padres batting - Pitching for Colorado Rockies : LHP Marquise Barretti
|
Batting: RHB Bobby Ayala
|
0-0: Called Strike 0-1: Ball 1-1: Fly out, F8 (Flyball, 8LM, EV 78.1 MPH)
|
Batting: RHB Cesar Breceda
|
0-0: Ball 1-0: SINGLE (Line Drive, 78S, EV 91.3 MPH)
|
Batting: SHB Jerry Luckwell
|
0-0: Ball 1-0: Called Strike Cesar Breceda steals 2nd base 1-1: Swinging Strike 1-2: Ball 2-2: Fly out, F3 (Line Drive, 3, EV 65.0 MPH)
|
Batting: LHB Mike Holt
|
0-0: Foul Ball, location: 2F 0-1: Swinging Strike 0-2: Ball 1-2: Strikes out swinging
|
Bottom of the 5th over - 0 runs, 1 hit, 0 errors, 1 left on base; Colorado 0 - San Diego 3 |
TOP OF THE 6TH |
Colorado Rockies batting - Pitching for San Diego Padres : LHP Matt Wheeler
|
Batting: LHB Robert Watson
|
0-0: Called Strike 0-1: Ball 1-1: Ball 2-1: Called Strike 2-2: SINGLE (Groundball, 34D, EV 102.5 MPH)
|
Batting: RHB Joel Haycock
|
0-0: Foul Ball, location: 2F 0-1: Ball 1-1: Ball 2-1: Foul Ball, location: 2F 2-2: Strikes out swinging
|
Batting: RHB Roberto Rodriguez
|
0-0: Called Strike 0-1: Ball 1-1: Called Strike 1-2: Grounds into double play, 6-4-3 (Groundball, 6, EV 78.1 MPH)
|
Top of the 6th over - 0 runs, 1 hit, 0 errors, 0 left on base; Colorado 0 - San Diego 3 |
BOTTOM OF THE 6TH |
San Diego Padres batting - Pitching for Colorado Rockies : LHP Marquise Barretti
|
Pitching: RHP Jaden Mackey
|
|
Batting: RHB Chiel Palstermans
|
0-0: Swinging Strike 0-1: Ball 1-1: Ball 2-1: Ball 3-1: Foul Ball, location: 2F 3-2: Foul Ball, location: 2F 3-2: Base on Balls
|
Batting: RHB Alberto Cotto
|
0-0: Foul Ball, location: 2F 0-1: Swinging Strike 0-2: Grounds into double play, 4-6-3 (Groundball, 4, EV 94.4 MPH)
|
Batting: RHB Carlos Reyes
|
0-0: Ball 1-0: Foul Ball, location: 2F 1-1: Ball 2-1: Swinging Strike 2-2: Strikes out swinging
|
Bottom of the 6th over - 0 runs, 0 hits, 0 errors, 0 left on base; Colorado 0 - San Diego 3 |
TOP OF THE 7TH |
Colorado Rockies batting - Pitching for San Diego Padres : LHP Matt Wheeler
|
Batting: SHB Chris Blue
|
0-0: Called Strike 0-1: Ball 1-1: Called Strike 1-2: Ground out U3 (Groundball, 34, EV 86.3 MPH)
|
Batting: RHB Jason Andrews
|
0-0: SINGLE (Flyball, 89M, EV 92.5 MPH)
|
Batting: RHB Chad Thompson
|
0-0: Called Strike 0-1: Called Strike 0-2: Ball 1-2: SINGLE (Groundball, 56D, EV 111.9 MPH) Jason Andrews to second Runner from 2nd tries for 3rd, SAFE, throw by LF made to third
|
Batting: RHB Leo Mair
|
0-0: Ball 1-0: Called Strike 1-1: Ball 2-1: Fly out, F9 (Flyball, 9LM, EV 88.1 MPH) Runner from 3rd tags up, SCORES, no throw by RF
|
Pitching: RHP Raul Almonte
|
|
Batting: LHB Fabiano Perrolas
|
0-0: Ball 1-0: Foul Ball, location: 2F 1-1: Fly out, F9 (Flyball, 89S, EV 95.0 MPH)
|
Top of the 7th over - 1 run, 2 hits, 0 errors, 1 left on base; Colorado 1 - San Diego 3 |
BOTTOM OF THE 7TH |
San Diego Padres batting - Pitching for Colorado Rockies : RHP Jaden Mackey
|
Batting: RHB Alois Wollf
|
0-0: Ball 1-0: Fly out, F7 (Flyball, 7, EV 81.9 MPH)
|
Batting: LHB Per Meulengracht
|
0-0: Ball 1-0: Ball 2-0: Ball 3-0: Called Strike 3-1: Base on Balls
|
Batting: RHB Bobby Ayala
|
0-0: Called Strike 0-1: Ball 1-1: Ball 2-1: Fly out, F7 (Flyball, 7LM, EV 96.3 MPH)
|
Batting: RHB Cesar Breceda
|
0-0: Ball 1-0: Ground out 4-3 (Groundball, 4, EV 96.9 MPH)
|
Bottom of the 7th over - 0 runs, 0 hits, 0 errors, 1 left on base; Colorado 1 - San Diego 3 |
TOP OF THE 8TH |
Colorado Rockies batting - Pitching for San Diego Padres : RHP Raul Almonte
|
Batting: RHB Stephen Charbonneau
|
0-0: Called Strike 0-1: Ball 1-1: Called Strike 1-2: Ground out 6-3 (Groundball, 6, EV 86.3 MPH)
|
Batting: LHB Robert Watson
|
0-0: Ball 1-0: Swinging Strike 1-1: Ball 2-1: Ball 3-1: Base on Balls
|
Batting: RHB Joel Haycock
|
0-0: Swinging Strike 0-1: Grounds into double play, 4-6-3 (Groundball, 4, EV 86.9 MPH)
|
Top of the 8th over - 0 runs, 0 hits, 0 errors, 0 left on base; Colorado 1 - San Diego 3 |
BOTTOM OF THE 8TH |
San Diego Padres batting - Pitching for Colorado Rockies : RHP Jaden Mackey
|
Pitching: RHP Gabe Baxter
|
|
Batting: SHB Jerry Luckwell
|
0-0: Ball 1-0: Called Strike 1-1: Foul Ball, location: 2F 1-2: Strikes out looking
|
Batting: LHB Mike Holt
|
0-0: Ball 1-0: Called Strike 1-1: Called Strike 1-2: Ball 2-2: Ball 3-2: Fly out, F7 (Flyball, 7LS, EV 83.8 MPH)
|
Batting: RHB Chiel Palstermans
|
0-0: Foul Ball, location: 2F 0-1: Ball 1-1: Ball 2-1: Swinging Strike 2-2: Fly out, F6 (Flyball, 56D, EV 84.4 MPH)
|
Bottom of the 8th over - 0 runs, 0 hits, 0 errors, 0 left on base; Colorado 1 - San Diego 3 |
TOP OF THE 9TH |
Colorado Rockies batting - Pitching for San Diego Padres : RHP Raul Almonte
|
Pitching: LHP Tommy Hall
|
|
Batting: RHB Roberto Rodriguez
|
0-0: Foul Ball, location: 2F 0-1: Swinging Strike 0-2: Ball 1-2: Ground out U3 (Groundball, 3, EV 86.9 MPH)
|
Batting: SHB Chris Blue
|
0-0: Called Strike 0-1: Called Strike 0-2: Strikes out swinging
|
Batting: RHB Jason Andrews
|
0-0: Ball 1-0: Ball 2-0: Foul Ball, location: 2F 2-1: Called Strike 2-2: Foul Ball, location: 2F 2-2: Fly out, F3 (Popup, 34, EV 63.1 MPH)
|
Top of the 9th over - 0 runs, 0 hits, 0 errors, 0 left on base; Colorado 1 - San Diego 3 |
|